 Dungeon Crawl Stone Soup version 0.30-a0-757-ga6a79fd877 (webtiles) character file.

Game seed: 1291353230518391982

4650 mandoloar the Grappler (level 10, -20/96 HPs)
             Began as a Troll Transmuter on Feb 10, 2023.
             Demolished by a large slime creature (26 damage)
             ... on level 9 of the Dungeon.
             The game lasted 00:33:42 (7921 turns).

mandoloar the Grappler (Troll Transmuter)           Turns: 7921, Time: 00:33:43

Health: -20/96     AC: 10    Str: 20    XL:     10   Next: 20%
Magic:  13/13      EV: 12    Int: 13    God:
Gold:   566        SH:  0    Dex: 16    Spells: 8/15 levels left

rFire   . . .      SeeInvis .      - Unarmed
rCold   . . .      Faith    .    (no shield)
rNeg    . . .      Spirit   .    z - +0 acid dragon scales
rPois   .          Reflect  .    (helmet restricted)
rElec   .          Harm     .    n - +1 cloak
rCorr   +          Rampage  .    (gloves unavailable)
Will    .....                    (boots unavailable)
Stlth   ++                       m - amulet of the acrobat
HPRegen 1.16/turn                q - +6 ring of dexterity
MPRegen 0.13/turn                u - ring of Elulur {Wiz Stlth+}

@: about to teleport
A: large, unfitting armour, claws 3, regeneration 1, shaggy fur 1, tough skin 1
a: no special abilities


You were on level 9 of the Dungeon.
You visited 2 branches of the dungeon, and saw 10 of its levels.

You collected 674 gold pieces.
You spent 108 gold pieces at shops.

Inventory:

Missiles
 c - 57 stones (quivered)
 y - 4 throwing nets
Armour
 n - a +1 cloak (worn)
 z - +0 acid dragon scales (worn)
Jewellery
 m - an amulet of the acrobat (around neck)
 q - a +6 ring of dexterity (left claw)
 u - the ring of Elulur (right claw) {Wiz Stlth+}
   (You acquired it on level 7 of the Dungeon)

   [ring of wizardry]

   It improves your spell success rate.
   Stlth:     It makes you more stealthy.
Wands
 p - a wand of flame (42)
 r - a wand of quicksilver (4)
 v - a wand of charming (12)
Scrolls
 d - a scroll of silence
 g - a scroll of magic mapping
 h - 3 scrolls of identify
 k - 2 scrolls of enchant weapon
 t - 3 scrolls of fear
 w - 2 scrolls of fog {unknown}
 x - a scroll of amnesia {unknown}
Potions
 a - 3 potions of heal wounds
 b - 4 potions of lignification
 e - 4 potions of curing
 f - a potion of haste {unknown}
 i - 3 potions of invisibility
 l - 2 potions of mutation
 o - 2 potions of resistance


   Skills:
 + Level 5.4 Fighting
 + Level 5.7 Dodging
 + Level 9.6 Unarmed Combat
 + Level 3.3 Spellcasting
 + Level 3.9 Transmutations
 + Level 1.8 Ice Magic


You had 8 spell levels left.
You knew the following spells:

 Your Spells              Type           Power      Damage    Failure   Level
a - Beastly Appendage     Tmut           24%        N/A       2%          1
b - Wereblood             Tmut           12%        N/A       3%          2
c - Ice Form              Ice/Tmut       9%         N/A       32%         4

Your spell library contained the following spells:

 Spells                   Type           Power      Damage    Failure   Level
 Magic Dart               Conj           8%         1d3       12%         1
 Summon Small Mammal      Summ           8%         N/A       12%         1
 Spider Form              Tmut/Pois      7%         N/A       16%         3
 Scorch                   Fire           4%         2d5       17%         2
 Searing Ray              Conj           4%         2d4       17%         2
 Sublimation of Blood     Necr           2%         N/A       17%         2
 Call Canine Familiar     Summ           2%         N/A       32%         3
 Summon Guardian Golem    Hex/Summ       2%         N/A       32%         3
 Cause Fear               Hex            1%         N/A       71%         4
 Flame Wave               Conj/Fire      2%         2d4       71%         4
 Fulminant Prism          Conj/Hex       1%         3d5       71%         4
 Alistair's Intoxication  Tmut/Pois      4%         N/A       78%         5
 Yara's Violent Unravell  Hex/Tmut       3%         3d4       78%         5
 Statue Form              Tmut/Erth      4%         N/A       100%        6
 Summon Cactus Giant      Summ           1%         N/A       100%        6
 Dragon Form              Tmut           6%         N/A       100%        7
 Enfeeble                 Hex            1%         N/A       100%        7
 Summon Hydra             Summ           1%         N/A       100%        7
 Dragon's Call            Summ           1%         N/A       100%        9
 Shatter                  Erth           1%         3d5*      100%        9


Dungeon Overview and Level Annotations

Branches:
Dungeon (9/15)             Temple (1/1) D:4            Lair (0/5) D:9
    Orc: D:9-12

Altars:
Ashenzari
Cheibriados
Elyvilon
Fedhas
Gozag
Hepliaklqana
Kikubaaqudgha
Makhleb
Nemelex Xobeh
Ru
Sif Muna
Trog
Uskayaw
Vehumet
Wu Jian
Xom
Yredelemnul
Zin
The Shining One

Shops:
D:3 [   D:7 ?   D:8 [?**

Annotations:
D:5 2 transporters, Unforgiven's ghost, novice DECj


Innate Abilities, Weirdness & Mutations

You are too large for most types of armour.
You have claws for hands.
Your natural rate of healing is unusually fast.
You are covered in fur. (AC +1)
You have tough skin. (AC +1)


Message History

The large slime creature is heavily wounded.
The large slime creature hits you!!
You scratch the large slime creature. You claw the large slime creature.
You headbutt the large slime creature, but do no damage.
The large slime creature is severely wounded.
The large slime creature hits you!
Two slime creatures merge to form a large slime creature.
You scratch the large slime creature but do no damage.
The large slime creature is severely wounded.
The large slime creature hits you but does no damage.
You barely miss the large slime creature.
You claw the large slime creature! You headbutt the large slime creature!
The large slime creature is severely wounded.
The large slime creature hits you.
A large slime creature splits.
You barely miss the large slime creature.
Your kick misses the large slime creature.
You headbutt the large slime creature!
The large slime creature is almost dead.
You scratch the large slime creature. You claw the large slime creature.
You headbutt the large slime creature.
The large slime creature is almost dead.
Two slime creatures merge to form a very large slime creature.
Two slime creatures merge to form an enormous slime creature.
Your transformation is almost over.
The enormous slime creature attacks as you move away!
The enormous slime creature closely misses you.
The enormous slime creature attacks as you move away!
The enormous slime creature completely misses you.
Your horns disappear.
Your talons disappear.
The enormous slime creature attacks as you move away!
The enormous slime creature hits you!!!
Ouch! That really hurt!
* * * LOW HITPOINT WARNING * * *
As you read the scroll of teleportation, it crumbles to dust.
You feel strangely unstable.
An enormous slime creature splits.
The large slime creature attacks as you move away!
The large slime creature barely misses you.
The large slime creature attacks as you move away!
The large slime creature hits you!!
You die...

#.#########...# #.# ##.## #.#
####.###### #.# #####..........
#.# #........###### #.#
#............## ###############.#
#............+.
................###.......#....##
###############J@................
#J#######.######.## #.# #.# #...
#.# #.# #.#. #.# #.# #... #.# #.#
#### #.# #.# ..##### #.# #.#
....... #.# #.# #.#####


You could see 2 large slime creatures.

Vanquished Creatures
  Harold (D:9)
  Sigmund (D:5)
  3 yaks
  An acid dragon (D:9)
  A water moccasin (D:8)
  3 ice beasts
  An orc warrior (D:5)
  A sky beast (D:8)
  3 ogres
  4 black bears
  2 centaurs
  2 phantoms (D:5)
  2 bullfrogs
  2 necrophages
  3 scorpions
  6 wights (D:7)
  4 killer bees (D:9)
  A howler monkey (D:8)
  2 jellies
  7 hounds
  Crazy Yiuf (D:5)
  3 orc priests
  4 iguanas
  7 orc wizards
  9 adders
  A shadow imp (D:6)
  2 white imps
  3 worms
  3 dart slugs
  37 orcs
  5 ball pythons
  8 endoplasms
  6 giant cockroaches
  3 goblins
  4 hobgoblins
  3 jackals
  2 kobolds
  A quokka (D:1)
  6 bats
  3 frilled lizards
  5 rats
166 creatures vanquished.

Notes
Turn   | Place    | Note
-------+----------+-------------------------------------------
     0 | D:1      | mandoloar the Troll Transmuter began the quest for the Orb.
     0 | D:1      | Reached XP level 1. HP: 18/18 MP: 1/1
   122 | D:1      | Reached skill level 1 in Fighting
   153 | D:1      | Reached XP level 2. HP: 27/27 MP: 0/3
   672 | D:2      | Reached XP level 3. HP: 22/33 MP: 4/4
   796 | D:2      | Noticed a necrophage
   814 | D:2      | Killed a necrophage
   815 | D:2      | Reached skill level 4 in Unarmed Combat
   815 | D:2      | Reached XP level 4. HP: 33/42 MP: 5/5
  1451 | D:2      | Learned a level 2 spell: Wereblood
  1781 | D:3      | Reached XP level 5. HP: 40/49 MP: 4/6
  2326 | D:3      | Found Bamicrym's Antique Armour Shoppe.
  3032 | D:3      | Reached skill level 5 in Unarmed Combat
  3057 | D:4      | Reached XP level 6. HP: 47/59 MP: 7/7
  3162 | D:4      | Found a staircase to the Ecumenical Temple.
  3270 | Temple   | Entered the Ecumenical Temple
  3814 | D:4      | Found a white marble altar of Elyvilon.
  4007 | D:4      | Reached XP level 7. HP: 58/67 MP: 6/8
  4081 | D:4      | Reached skill level 6 in Unarmed Combat
  4369 | D:5      | Entered Level 5 of the Dungeon
  4527 | D:5      | Reached skill level 7 in Unarmed Combat
  4563 | D:5      | Reached XP level 8. HP: 76/78 MP: 5/9
  4747 | D:5      | Found a transporter.
  4752 | D:5      | Noticed Unforgiven's ghost (novice DECj)
  4756 | D:5      | Noticed Sigmund
  4772 | D:5      | Killed Sigmund
  4819 | D:5      | Found a transporter.
  4960 | D:5      | Found a runed translucent door.
  4961 | D:5      | Noticed Crazy Yiuf
  4968 | D:5      | Killed Crazy Yiuf
  5270 | D:5      | Reached skill level 8 in Unarmed Combat
  5355 | D:6      | Got the Exposition on the Mountains and Virulence
  5373 | D:6      | Reached XP level 9. HP: 83/85 MP: 9/11
  5690 | D:6      | Found a shimmering blue altar of Sif Muna.
  6014 | D:7      | Found Extuelea's Magic Scroll Shop.
  6020 | D:7      | Bought a scroll of teleportation for 36 gold pieces
  6020 | D:7      | Bought a scroll of identify for 24 gold pieces
  6020 | D:7      | Bought a scroll of fear for 48 gold pieces
  6067 | D:7      | Reached skill level 5 in Dodging
  6471 | D:7      | Found a sparkling altar of Nemelex Xobeh.
  6533 | D:7      | Identified a scroll of acquirement
  6534 | D:7      | Acquired the ring of Elulur {Wiz Stlth+}
  6542 | D:7      | Learned a level 4 spell: Ice Form
  6555 | D:7      | Reached skill level 9 in Unarmed Combat
  6684 | D:8      | Reached skill level 5 in Fighting
  6704 | D:8      | Found Sunky's Magic Scroll Shop.
  6737 | D:8      | Found Wimat's Armour Shop.
  6810 | D:8      | Reached skill level 1 in Ice Magic
  6979 | D:8      | Found Hacuzunn's General Store.
  7035 | D:8      | Found Zeplefog's Assorted Antiques.
  7072 | D:8      | Found a hazy altar of Hepliaklqana.
  7131 | D:8      | Found a glowing silver altar of Zin.
  7131 | D:8      | Found a sacrificial altar of Ru.
  7148 | D:8      | Found an ornate altar of the Wu Jian Council.
  7276 | D:9      | Noticed Harold
  7285 | D:9      | Killed Harold
  7286 | D:9      | Reached XP level 10. HP: 73/96 MP: 11/13
  7761 | D:9      | Found a staircase to the Lair.
  7917 | D:9      | HP: 1/96 [enormous slime creature (64)]
  7921 | D:9      | Demolished by a large slime creature

Illustrated notes

Levels and vault maps discovered:
D:1:      onia_arrival_pyramid, layout_basic, minmay_quantized
D:2:      layout_loops_ring
D:3:      layout_loops_ring, serial_shops, shop, st_stairs_1
D:4:      layout_loops_cross, mainiacjoe_overflow_alcove_4, temple_fountains,
          serial_glass, glass_columns_a, glass_columns_a
D:5:      layout_cave_pools, gammafunk_ghost_stat_death,
          uniq_crazy_yiuf_cottage, uniq_sigmund
D:6:      layout_rooms, mainiacjoe_overflow_cross_hatched, glass_columns_c,
          st_stairs_4
D:7:      layout_rooms, lemuel_doored_altar, serial_shops, shop
D:8:      layout_cave_pools, nicolae_overflow_hidden_temple,
          mainiacjoe_overflow_alcove_2, gammafunk_temple_overflow_pools,
          serial_shops, nicolae_shop_competitors_out_of_business,
          nicolae_shop_statue_plus, nicolae_shop_hallway_stairs,
          nicolae_lakefront_shop
D:9:      cheibrodos_elevator_heist, layout_basic, lair_entry_dummy, uniq_harold
Temple:   minmay_temple_forest_path

Skill      XL: |  1  2  3  4  5  6  7  8  9 |
---------------+----------------------------+-----
Fighting       | 1 2 3 4 5 |  5.4
Dodging        | 2 3 4 5 |  5.7
Unarmed Combat | 4 5 7 8 9 |  9.6
Transmutations | 2 3 |  3.9
Spellcasting   | 2 3 |  3.3
Ice Magic      | 1 |  1.8

Action                     |  1- 3 |  4- 6 |  7- 9 | 10-12 || total
---------------------------+-------+-------+-------+-------++-------
  Melee: Unarmed           |    77 |   125 |   227 |    28 ||   457
         Punch             |     1 |     3 |     5 |     2 ||    11
         Kick              |       |    15 |    52 |     5 ||    72
         Headbutt          |       |     9 |    41 |     9 ||    59
  Throw: Stone             |       |     1 |     1 |       ||     2
   Cast: Beastly Appendage |     3 |    21 |    46 |     4 ||    74
         Wereblood         |       |     1 |     2 |     2 ||     5
    Use: Scroll            |     1 |     8 |     9 |     1 ||    19
 Armour: Robe              |    35 |    50 |    55 |     1 ||   141
         Acid dragon scale |       |       |       |     7 ||     7
  Dodge: Dodged            |    39 |    67 |   136 |    22 ||   264

Table legend: (Time is in decaauts)
 A = Elapsed time spent in this place.
 B = Non-inter-level travel time spent in this place.
 C = Inter-level travel time spent in this place.
 D = Time resting spent in this place.
 E = Time spent auto-exploring this place.
 F = Levels seen in this place.
 G = Mean time per level.
                   A        B        C        D        E       F      G
               +--------+--------+--------+--------+--------+-----+--------+
         Total |   7879 |   7475 |    404 |   1587 |   4412 |  10 |  787.9 |
       Dungeon |   7525 |   7125 |    400 |   1587 |   4078 |   9 |  836.1 |
        Temple |    354 |    350 |      4 |      0 |    334 |   1 |  354.0 |
               +--------+--------+--------+--------+--------+-----+--------+

Top non-repeatable levels by time:
     D:2: 1203 daAuts
     D:3: 1142 daAuts
     D:4: 1097 daAuts
     D:5: 876 daAuts
     D:7: 728 daAuts
     D:9: 666 daAuts
     D:1: 657 daAuts
     D:6: 586 daAuts
     D:8: 567 daAuts
  Temple: 354 daAuts
